 Dungeon Crawl Stone Soup version 0.24-a0-521-g122614bf49 (webtiles) character file.

Game seed: 9303211136526463130

2344 vurker the Grappler (level 9, -4/88 HPs)
             Began as a Troll Hunter on July 28, 2019.
             Slain by Harold
             ... wielding a +1 long sword of electrocution
              (19 damage)
             ... on level 8 of the Dungeon.
             The game lasted 00:10:24 (6990 turns).

vurker the Grappler (Troll Hunter)                  Turns: 6990, Time: 00:10:25

Health: -4/88      AC:  7    Str: 25    XL:     9   Next: 20%
Magic:  8/8        EV: 10    Int:  9    God:
Gold:   499        SH:  0    Dex: 14    Spells: 8/8 levels left

rFire    . . .     SeeInvis .     - Unarmed
rCold    . . .     Gourm    +   (no shield)
rNeg     . . .     Faith    .   b - +0 robe
rPois    .         Spirit   .   (helmet restricted)
rElec    .         Reflect  .   p - +0 cloak
rCorr    .         Harm     .   (gloves unavailable)
MR       .....                  (boots unavailable)
Stlth    +.........             c - amulet of rage
HPRegen  0.64/turn              v - +2 ring of intelligence
MPRegen  0.11/turn              A - +4 ring of dexterity

@: marked
A: large, unfitting armour, claws 3, fast metabolism 3, gourmand, regeneration
1, shaggy fur 1, tough skin 3
a: Evoke Berserk Rage


You were on level 8 of the Dungeon.
You were completely stuffed.

You visited 2 branches of the dungeon, and saw 9 of its levels.

You collected 499 gold pieces.

Inventory:

Missiles
 d - 2 throwing nets
 r - 2 large rocks (quivered)
Armour
 b - a +0 robe (worn)
 p - a +0 cloak (worn)
   (You took it off Crazy Yiuf on level 3 of the Dungeon)
Jewellery
 c - an amulet of rage (around neck)
   (You took it off a gnoll on level 4 of the Dungeon)
 v - a +2 ring of intelligence (left claw)
   (You found it on level 5 of the Dungeon)
 A - a +4 ring of dexterity (right claw)
   (You found it on level 7 of the Dungeon)
Scrolls
 a - 3 scrolls of teleportation
 f - 6 scrolls of remove curse
 j - 2 scrolls of fog {unknown}
 k - a scroll of enchant weapon {unknown}
 m - 2 scrolls of blinking {unknown}
 s - a scroll of amnesia {unknown}
 w - a scroll of fear {unknown}
 x - a scroll of noise {unknown}
 y - a scroll of enchant armour {unknown}
 z - a scroll of identify
Potions
 g - 4 potions of haste
 h - a potion of might {unknown}
 i - 3 potions of mutation
 l - a potion of curing
 n - 2 potions of lignification
 o - 2 potions of heal wounds
 q - 2 potions of agility
 u - 2 potions of magic {unknown}
Comestibles
 e - 16 rations
 t - 13 chunks of flesh


   Skills:
 + Level 5.3 Fighting
 + Level 6.7 Throwing
 - Level 1.5 Dodging
 - Level 0.3 Stealth
 * Level 8.7 Unarmed Combat


You had 8 spell levels left.
You didn't know any spells.
Your spell library contained the following spells:

 Spells                   Type           Power        Failure   Level  Hunger
 Sting                    Conj/Pois      #...         38%         1    ##.....
 Poisonous Vapours        Pois/Air       #.....       52%         2    ###....
 Mephitic Cloud           Conj/Pois/Air  #.......     77%         3    ####...
 Olgreb's Toxic Radiance  Pois           #.......     99%         4    #####..
 Venom Bolt               Conj/Pois      #.........   100%        5    ######.


Dungeon Overview and Level Annotations

Branches:
Dungeon (8/15)             Temple (1/1) D:5
   Lair: D:8-11

Altars:
Cheibriados
Dithmenos
Elyvilon
Fedhas
Gozag
Hepliaklqana
Kikubaaqudgha
Makhleb
Nemelex Xobeh
Okawaru
Qazlal
Sif Muna
Trog
Uskayaw
Vehumet
Wu Jian
Xom
Yredelemnul
Zin
The Shining One

Shops:
D:6 }

Annotations:
D:8 Harold


Innate Abilities, Weirdness & Mutations

You are too large for most types of armour.
You have claws for hands.
Your metabolism is lightning-fast.
You like to eat raw meat.
Your natural rate of healing is unusually fast.
You are covered in fur. (AC +1)
You have extremely tough skin. (AC +3)


Message History

A bullfrog and a howler monkey come into view.
The bullfrog gives a loud, deep croak!
The bullfrog barely misses you.
Harold says, "I was hoping my final job would be more of a challenge, but money is money."
The bullfrog hits you.
Throwing (i - inventory. (/) - cycle)
r - 5 large rocks (quivered)
Aim: Harold, wielding a +1 long sword of electrocution and wearing a +0 scale mail You throw a large rock.
The large rock misses the bullfrog.
The large rock hits Harold but does no damage.
The bullfrog closely misses you. The bullfrog misses you.
Throwing (i - inventory. (/) - cycle)
r - 4 large rocks (quivered)
Aim: Harold, wielding a +1 long sword of electrocution and wearing a +0 scale mail You throw a large rock.
The large rock hits the bullfrog!!
You kill the bullfrog!
The howler monkey hoots and howls with incredible vigour!
Harold throws a throwing net.
The throwing net hits you.
You become entangled in the net!
Harold points at you and mumbles some strange words.
A sentinel's mark forms upon you.
You hear a howl! x2; You hear an angry hiss.
You struggle against the net.
The howler monkey hoots and howls with incredible vigour!
You struggle against the net.
Harold hits you with a +1 long sword of electrocution!
You are electrocuted!!
You cannot throw anything while held in a net.
Unknown command.
You shred the net and break free! The howler monkey hits you.
Harold hits you with a +1 long sword of electrocution.
You are electrocuted!
* * * LOW HITPOINT WARNING * * *
The howler monkey hits you but does no damage.
Harold throws a throwing net.
The throwing net hits you.
You become entangled in the net!
You see here a throwing net.
You struggle against the net.
The howler monkey hits you.
* * * LOW HITPOINT WARNING * * *
Harold points at you and mumbles some strange words.
The harpoon shot hits you!
* * * LOW HITPOINT WARNING * * *
You are yanked forward by the harpoon shot.
Throwing (i - inventory. (/) - cycle)
r - 3 large rocks (quivered)
Aim: Harold, wielding a +1 long sword of electrocution and wearing a +0 scale mail You throw a large rock.
The large rock hits Harold.
The howler monkey barely misses you.
The howler monkey completely misses you.
Harold hits you with a +1 long sword of electrocution!
* * * LOW HITPOINT WARNING * * *
You are electrocuted!!
You die...

#.. #..####
.....#####
........
....... .#
.(...# .# #
#@##.# .#
#.##@##.##
.#
#...h(...#
.#
#.##.##..#
##.# ..
#.##.....#
#..# ...
.......#.#
##.## ..
...###..# #
##...## ..
##### ..#
##.#.#.#...
..#
#.#........
..#


You could see Harold and a howler monkey.

Vanquished Creatures
  A hippogriff (D:7)
  A hungry ghost (D:6)
  A steam dragon (D:7)
  A black bear (D:6)
  A phantom (D:4)
  A centaur (D:6)
  4 ogres
  A big kobold (D:6)
  2 bullfrogs
  3 electric eels (D:7)
  2 bullfrog zombies
  3 crimson imps
  A jelly (D:7)
  A quasit (D:7)
  2 hounds
  Crazy Yiuf (D:3)
  A centaur skeleton (D:7)
  2 iguanas (D:5)
  4 worker ants
  Natasha (thrice) (D:2)
  5 orc wizards
  A killer bee zombie (D:6)
  10 gnolls
  6 adders
  2 shadow imps
  3 oozes
  An adder skeleton (D:7)
  3 worms
  A dart slug (D:5)
  3 leopard geckos
  17 orcs
  6 giant cockroaches
  6 goblins
  2 hobgoblins (D:2)
  6 jackals
  3 quokkas
  5 bats
  A frilled lizard (D:2)
  9 kobolds
  A leopard gecko skeleton (D:5)
  A leopard gecko zombie (D:5)
  5 rats
133 creatures vanquished.

Notes
Turn   | Place    | Note
-------+----------+-------------------------------------------
     0 | D:1      | vurker the Troll Hunter began the quest for the Orb.
     0 | D:1      | Reached XP level 1. HP: 19/19 MP: 0/0
   334 | D:1      | Reached skill level 1 in Unarmed Combat
   835 | D:1      | Reached XP level 2. HP: 28/28 MP: 1/1
   957 | D:2      | Reached skill level 2 in Unarmed Combat
   957 | D:2      | Reached XP level 3. HP: 11/35 MP: 2/2
  1132 | D:2      | Reached XP level 4. HP: 42/42 MP: 3/3
  1192 | D:2      | Found a white marble altar of Elyvilon.
  1307 | D:2      | Noticed Natasha
  1310 | D:2      | Killed Natasha
  1322 | D:2      | Reached skill level 3 in Unarmed Combat
  1490 | D:2      | Found a blossoming altar of Fedhas.
  1613 | D:2      | Found a blossoming altar of Fedhas.
  1852 | D:2      | Noticed Natasha
  1864 | D:2      | Killed Natasha
  1864 | D:2      | Reached XP level 5. HP: 30/50 MP: 4/4
  1936 | D:2      | Found a white marble altar of Elyvilon.
  2025 | D:2      | Found a white marble altar of Elyvilon.
  2108 | D:2      | Found a blossoming altar of Fedhas.
  2183 | D:2      | Noticed Natasha
  2185 | D:2      | Killed Natasha
  2585 | D:3      | Found an opulent altar of Gozag.
  2691 | D:3      | Noticed an ogre
  2697 | D:3      | Killed an ogre
  2697 | D:3      | Reached skill level 4 in Unarmed Combat
  2788 | D:3      | Reached XP level 6. HP: 59/59 MP: 5/5
  2794 | D:3      | Found a hide-covered altar of Uskayaw.
  2982 | D:3      | Found a runed translucent door.
  2983 | D:3      | Noticed Crazy Yiuf
  3188 | D:3      | Killed Crazy Yiuf
  4047 | D:5      | Entered Level 5 of the Dungeon
  4053 | D:5      | Reached skill level 5 in Unarmed Combat
  4075 | D:5      | Reached XP level 7. HP: 67/67 MP: 6/6
  4147 | D:5      | Reached skill level 5 in Throwing
  4182 | D:5      | Found a staircase to the Ecumenical Temple.
  4542 | D:5      | Found a stormy altar of Qazlal.
  4820 | Temple   | Entered the Ecumenical Temple
  5103 | D:6      | Found a white marble altar of Elyvilon.
  5328 | D:6      | Reached skill level 6 in Unarmed Combat
  5588 | D:6      | Reached XP level 8. HP: 72/78 MP: 7/7
  5630 | D:6      | Found Kiyffuin's Gadget Shop.
  5841 | D:7      | Reached skill level 7 in Unarmed Combat
  6239 | D:7      | Noticed a hippogriff
  6244 | D:7      | Reached skill level 8 in Unarmed Combat
  6249 | D:7      | Killed a hippogriff
  6249 | D:7      | Reached skill level 5 in Fighting
  6249 | D:7      | Reached XP level 9. HP: 19/88 MP: 8/8
  6742 | D:8      | Noticed Harold
  6742 | D:8      | Noticed a two-headed ogre
  6990 | D:8      | Slain by Harold

Levels and vault maps discovered:
D:1:      wander_arrival_peaceful_grave, layout_basic
D:2:      layout_rooms, fedhas_altar_4, overflow_temple_1_default, uniq_natasha
D:3:      minmay_wonky_spiral, layout_loops_cross,
          eat_drink_and_be_merry_uskayaw, lemuel_coloured_pillars_altar,
          first_ration, uniq_crazy_yiuf_cottage
D:4:      layout_loops_cross, serial_glass, glass_columns_a, glass_columns_c,
          glass_columns_a, glass_columns_a
D:5:      layout_loops_ring, kennysheep_mini_moat, temple_doors_e, serial_glass,
          glass_columns_a, glass_columns_c, due_unseen_surprise,
          feat_on_display, minmay_strange_pillars, minmay_strange_pillars
D:6:      layout_gridville, serial_shops, kennysheep_mini,
          ebering_dispersal_statue_hall, minivault_22, elyvilon_altar_3
D:7:      layout_rooms, serial_bayou, serial_bayou_ford_a, serial_bayou_shore_a,
          serial_bayou_pond_a, serial_bayou_pond_d, grunt_ogre_cave,
          minmay_statues_item
D:8:      layout_loops_ring, uniq_harold
Temple:   regret_index_temple_waves

Skill      XL: |  1  2  3  4  5  6  7  8 |
---------------+-------------------------+-----
Unarmed Combat | 1 2 3 4 5 6 8 |  8.7
Fighting       | 2 3 4 5 |  5.3
Throwing       | 4 5 6 |  6.7
Dodging        | |  1.5
Stealth        | |  0.3

Action                   |  1- 3 |  4- 6 |  7- 9 || total
-------------------------+-------+-------+-------++-------
Melee: Unarmed           |    65 |   122 |   200 ||   387
       Punch             |       |     1 |     3 ||     4
Throw: Large rock        |     4 |    14 |     9 ||    27
       Throwing net      |       |       |     2 ||     2
  Use: Scroll            |       |       |     9 ||     9
       Potion            |       |       |     1 ||     1
 Stab: Sleeping          |       |     2 |     1 ||     3
  Eat: Chunk             |    12 |    27 |    33 ||    72
       Ration            |     1 |       |     1 ||     2
Armor: Robe              |    20 |    46 |    71 ||   137
Dodge: Dodged            |    23 |    64 |   133 ||   220

Table legend:
 A = Non-vault XP
 B = Vault XP
 C = Vault XP percentage of total XP
 D = Non-vault monster count
 E = Vault monster count
 F = Vault count percentage of total count
                 A         B        C        D         E       F
            +---------+---------+-------+---------+---------+-------
      Total |    3153 |     196 |   5.9 |     128 |       5 |   3.8
            +---------+---------+-------+---------+---------+-------
        D:1 |      15 |       0 |   0.0 |      10 |       0 |   0.0
        D:2 |     194 |      35 |  15.3 |      26 |       1 |   3.7
        D:3 |     160 |      43 |  21.2 |      10 |       3 |  23.1
        D:4 |     227 |       0 |   0.0 |      14 |       0 |   0.0
        D:5 |     285 |       0 |   0.0 |      20 |       0 |   0.0
        D:6 |     795 |       0 |   0.0 |      16 |       0 |   0.0
        D:7 |    1139 |     118 |   9.4 |      21 |       1 |   4.5
        D:8 |     338 |       0 |   0.0 |      11 |       0 |   0.0
            +---------+---------+-------+---------+---------+-------
